 Dungeon Crawl Stone Soup version 0.22-a0-409-gb855193 (webtiles) character file.

107 mortelune the Conjurer (level 4, -5/25 HPs)
             Began as a Deep Elf Conjurer on May 10, 2018.
             Was an Initiate of Vehumet.
             Killed by divine providence
             ... invoked by an orc priest
              (10 damage)
             ... on level 3 of the Dungeon.
             The game lasted 00:07:31 (3844 turns).

mortelune the Conjurer (Deep Elf Conjurer)          Turns: 3844, Time: 00:07:32

Health: -5/25      AC:  3    Str: -1    XL:     4   Next: 57%
Magic:  5/12       EV: 29    Int: 21    God:    Vehumet [......]
Gold:   43         SH:  0    Dex: 15    Spells: 1/11 levels left

rFire    . . .     SeeInvis .   i - +1 dagger (venom)
rCold    . . .     Gourm    .   (no shield)
rNeg     . . .     Faith    .   a - +0 robe
rPois    .         Spirit   .   (no helmet)
rElec    .         Reflect  .   (no cloak)
rCorr    .         Harm     .   j - +0 pair of gloves
MR       .....                  (no boots)
Stlth    ++........             f - amulet of the acrobat
HPRegen  0.02/turn              b - -6 ring of strength (curse)
MPRegen  0.13/turn              (no ring)

@: slowed, lost strength, very slow
A: no striking features
a: Renounce Religion


You were on level 3 of the Dungeon.
You worshipped Vehumet.
Vehumet was noncommittal.
You were not hungry.

You visited 1 branch of the dungeon, and saw 3 of its levels.

You collected 43 gold pieces.

Inventory:

Hand Weapons
 i - a +1 dagger of venom (weapon)
Missiles
 g - a throwing net (quivered)
Armour
 a - a +0 robe (worn)
 j - a +0 pair of gloves (worn)
 n - a +0 buckler
Jewellery
 b - a cursed -6 ring of strength (left hand)
 f - an amulet of the acrobat (around neck)
Wands
 l - a wand of enslavement (14)
Scrolls
 k - a scroll of identify
Potions
 d - a potion of magic {unknown}
 e - a potion of berserk rage
 h - a potion of heal wounds
 m - a potion of curing {unknown}
Comestibles
 c - 5 rations


   Skills:
 + Level 1.5 Fighting
 + Level 3.7 Dodging
 - Level 2.4 Stealth
 + Level 4.1 Spellcasting
 + Level 5.0 Conjurations


You had one spell level left.
You knew the following spells:

 Your Spells              Type           Power        Failure   Level  Hunger
a - Magic Dart            Conj           ####         1%          1    None
b - Searing Ray           Conj           ####..       2%          2    #......
c - Dazzling Spray        Conj/Hex       ##....       13%         3    ###....
d - Iskenderun's Mystic   Conj           ####....     16%         4    ####...


Dungeon Overview and Level Annotations

Branches:
Dungeon (3/15)

Altars:
Gozag
Hepliaklqana
Okawaru
Uskayaw
Vehumet
Wu Jian
Yredelemnul


Message History

The searing ray hits the orc priest.
The orc priest is moderately wounded. (Press . to maintain the ray.)
The searing ray hits the orc priest.
The orc priest is heavily wounded.
The orc priest misses you.
The orc priest invokes the aid of Beogh against you.
Pain shoots through your body!
The searing ray hits the orc priest.
The orc priest is almost dead.
The orc priest closely misses you.
The searing ray hits the orc priest.
The orc priest is almost dead.
You finish channeling your searing ray.
The orc priest invokes the aid of Beogh against you.
Beogh smites you!
* * * LOW HITPOINT WARNING * * *
The orc priest calls down the wrath of Beogh upon you.
Beogh smites you!
You die...

########.# #..#
####.......<###..# #
.o.....####......### ##
.....).##...##.....####.
..........####.....##...
..o...)...# #..........
##[# #.......... #o#
........... #@#
#.......... #######.####
#.....###.# #..........#
#...).# #.. #..........#
... ### #..........# ..
# #..........#
#..........#############
#...............[.......
#..........#############


You could see an orc priest.

Vanquished Creatures
  2 adders
  An ooze (D:1)
  2 worms (D:2)
  A dart slug (D:2)
  13 orcs (D:3)
  A giant cockroach (D:2)
  10 goblins
  11 hobgoblins
  3 kobolds
  A quokka (D:2)
  2 ball pythons
  4 bats
  4 frilled lizards
  4 rats
59 creatures vanquished.

Notes
Turn   | Place    | Note
-------+----------+-------------------------------------------
     0 | D:1      | mortelune the Deep Elf Conjurer began the quest for the Orb.
     0 | D:1      | Reached XP level 1. HP: 10/10 MP: 6/6
    91 | D:1      | Lost strength.
   223 | D:1      | Reached XP level 2. HP: 16/16 MP: 1/8
   227 | D:1      | Learned a level 2 spell: Searing Ray
   950 | D:2      | Reached XP level 3. HP: 16/20 MP: 6/10
  1121 | D:2      | Learned a level 3 spell: Dazzling Spray
  1123 | D:2      | Found a hide-covered altar of Uskayaw.
  1127 | D:2      | Reached skill level 1 in Fighting
  1159 | D:2      | Found a radiant altar of Vehumet.
  1164 | D:2      | Found an opulent altar of Gozag.
  1164 | D:2      | Found a hazy altar of Hepliaklqana.
  1164 | D:2      | Found an ornate altar of the Wu Jian Council.
  1167 | D:2      | Found a basalt altar of Yredelemnul.
  1191 | D:2      | Found an iron altar of Okawaru.
  2403 | D:2      | Became a worshipper of Vehumet
  2592 | D:3      | Reached XP level 4. HP: 25/25 MP: 5/11
  2598 | D:3      | Learned a level 4 spell: Iskenderun's Mystic Blast
  3592 | D:3      | Reached skill level 5 in Conjurations
  3844 | D:3      | Killed from afar by an orc priest

Vault maps used:
D:1:      dpeg_arrival_another_circle
D:2:      minitemple, kennysheep_okawaru_gauntlet
D:3:      first_ration

Skill      XL: |  1  2  3  4 |
---------------+-------------+-----
Dodging        | 3 |  3.7
Fighting       | 1 |  1.5
Spellcasting   | 4 |  4.1
Conjurations   | 5 |  5.0
Stealth        | |  2.4

Action                   |  1- 3 |  4- 6 || total
-------------------------+-------+-------++-------
Melee: Dagger            |       |     1 ||     1
 Cast: Magic Dart        |    73 |    20 ||    93
       Searing Ray       |     7 |     5 ||    12
       Iskenderun's Myst |       |     1 ||     1
       Dazzling Spray    |       |     1 ||     1
  Use: Scroll            |     7 |       ||     7
       Potion            |     1 |       ||     1
  Eat: Chunk             |     4 |     4 ||     8
       Ration            |     1 |     1 ||     2
Armor: Robe              |     2 |     1 ||     3
Dodge: Dodged            |     8 |     9 ||    17

Table legend:
 A = Spawn XP
 B = Non-spawn XP
 C = Spawn XP percentage of total XP
 D = Spawn monster count
 E = Non-spawn monster count
 F = Spawn count percentage of total count
 G = Total turns spent on level
                    A         B        C        D         E        F      G
               +---------+---------+-------+---------+---------+-------+---------
         Total |       0 |     154 |   0.0 |       0 |      59 |   0.0 |  3844
               +---------+---------+-------+---------+---------+-------+---------
           D:1 |       0 |      32 |   0.0 |       0 |      17 |   0.0 |   909
           D:2 |       0 |      61 |   0.0 |       0 |      24 |   0.0 |  1671
           D:3 |       0 |      61 |   0.0 |       0 |      18 |   0.0 |  1264
               +---------+---------+-------+---------+---------+-------+---------
